 Dungeon Crawl Stone Soup version 0.25.0-46-gbd7b0854d2 (webtiles) character file.

Game seed: 10319828506387197934

13228 ANON1729 the Basher (level 11, 0/171 (172) HPs)
             Began as a Troll Fighter on July 13, 2020.
             Slain by an eight-headed hydra (2 damage)
             ... on level 2 of the Lair of Beasts.
             The game lasted 00:45:15 (10247 turns).

ANON1729 the Basher (Troll Fighter)                Turns: 10247, Time: 00:45:31

HP:   0/171 (172)   AC: 12    Str: 37    XL:     11   Next: 72%
MP:   10/10         EV: 14    Int:  1    God:
Gold: 564           SH: 12    Dex: 16    Spells: 10/10 levels left

rFire    + . .     SeeInvis .   a - +1 whip of Crusades {freeze, rC- Str+9 Int-4 Stlth+}
rCold    + . .     Gourm    +   c - +0 kite shield
rNeg     . . .     Faith    .   o - +1 robe of Grottiness {rC++ rCorr Dex+7}
rPois    +         Spirit   .   A - +2 hat
rElec    .         Reflect  .   H - +2 cloak {MR+}
rCorr    +         Harm     .   (gloves unavailable)
MR       +....                  (boots unavailable)
Stlth    ..........             r - amulet of regeneration
HPRegen  1.18/turn              e - ring of poison resistance
MPRegen  0.12/turn              R - ring of protection from fire

@: berserking, very quick
A: large, unfitting armour, claws 3, fast metabolism 3, gourmand, regeneration
1, shaggy fur 1, tough skin 3
a: no special abilities


You were on level 2 of the Lair of Beasts.
You were completely stuffed.

You visited 3 branches of the dungeon, and saw 13 of its levels.
You also visited: Ossuary.

You collected 676 gold pieces.
You spent 112 gold pieces at shops.

Inventory:

Hand Weapons
 a - the +1 whip of Crusades (weapon) {freeze, rC- Str+9 Int-4 Stlth+}
   (You took it off an orc warrior on level 6 of the Dungeon)

   It has been specially enchanted to freeze those struck by it, causing extra
   injury to most foes and up to half again as much damage against particularly
   susceptible opponents.
   It can also slow down cold-blooded creatures.
   It affects your strength (+9).
   It affects your intelligence (-4).
   It makes you vulnerable to cold.
   It makes you more stealthy.
 b - a +2 mace of holy wrath
 F - a +0 whip of electrocution
 S - a +4 giant club
Missiles
 N - 4 javelins (quivered)
Armour
 c - a +0 kite shield (worn)
 o - the +1 robe of Grottiness (worn) {rC++ rCorr Dex+7}
   (You found it on level 4 of the Dungeon)

   It affects your dexterity (+7).
   It greatly protects you from cold.
   It provides partial protection from all sources of acid and corrosion.
 A - a +2 hat (worn)
 D - a +0 robe
 G - a +1 cloak
 H - a +2 cloak of magic resistance (worn)
Jewellery
 e - a ring of poison resistance (left claw)
 r - an amulet of regeneration (around neck)
 I - an uncursed amulet of guardian spirit
 Q - an uncursed ring of magical power
 R - a ring of protection from fire (right claw)
 X - an uncursed amulet of reflection {unknown}
Wands
 y - a wand of digging (9)
 B - a wand of iceblast (9)
 C - a wand of acid (1)
 P - a wand of flame (21)
 U - a wand of clouds (2)
Scrolls
 g - 6 scrolls of remove curse
 k - a scroll of teleportation
 l - 4 scrolls of magic mapping
 m - a scroll of random uselessness {unknown}
 p - 2 scrolls of noise
 q - 3 scrolls of fog
 s - 2 scrolls of enchant armour {unknown}
 t - 3 scrolls of enchant weapon {unknown}
 z - 2 scrolls of amnesia
 J - 8 scrolls of identify
 O - a scroll of fear {unknown}
 V - a scroll of holy word {unknown}
 Y - a scroll of vulnerability {unknown}
Potions
 d - 3 potions of might
 h - 2 potions of stabbing {unknown}
 i - 3 potions of heal wounds
 n - 2 potions of mutation {unknown}
 u - a potion of lignification {unknown}
 v - a potion of brilliance {unknown}
 w - 2 potions of curing {unknown}
 x - 3 potions of haste
 E - a potion of magic {unknown}
 K - a potion of cancellation {unknown}
 L - 2 potions of degeneration {unknown}
 M - 2 potions of flight {unknown}
 T - a potion of ambrosia {unknown}
 W - a potion of resistance {unknown}
Comestibles
 f - 20 rations
 Z - 9 chunks of flesh


   Skills:
 * Level 9.2 Fighting
 * Level 9.9 Maces & Flails
 + Level 2.0 Armour
 + Level 7.4 Dodging
 + Level 7.4 Shields


You had 10 spell levels left.
You didn't know any spells.
Your spell library was empty.

Dungeon Overview and Level Annotations

Branches:
Dungeon (10/15)            Temple (1/1) D:6            Lair (2/6) D:10
    Orc (0/2) D:10        Ossuary (visited)
  Swamp: Lair:2-4    Shoals: Lair:2-4     Snake: Lair:2-4    Spider: Lair:2-4

Altars:
Ashenzari
Cheibriados
Dithmenos
Elyvilon
Fedhas
Gozag
Hepliaklqana
Kikubaaqudgha
Makhleb
Nemelex Xobeh
Okawaru
Qazlal
Ru
Sif Muna
Trog
Uskayaw
Vehumet
Wu Jian
Xom
Yredelemnul
Zin
The Shining One
Beogh

Shops:
D:8 }(

Annotations:
D:3 1 runed translucent door, Crazy Yiuf


Innate Abilities, Weirdness & Mutations

You are too large for most types of armour.
You have claws for hands.
Your metabolism is lightning-fast.
You like to eat raw meat.
Your natural rate of healing is unusually fast.
You are covered in fur. (AC +1)
You have extremely tough skin. (AC +3)


Message History

You whack the eight-headed hydra!
The eight-headed hydra seems to slow down.
You freeze the eight-headed hydra.
The eight-headed hydra is heavily wounded.
You hit the eight-headed hydra. You freeze the eight-headed hydra.
The eight-headed hydra is severely wounded.
You thrash the eight-headed hydra!!
The eight-headed hydra seems to slow down.
You freeze the eight-headed hydra.
The eight-headed hydra is almost dead.
The wolf is engulfed in noxious fumes.
The wolf appears confused.
The wolf bites you but does no damage.
The wolf is engulfed in noxious fumes.
The wolf appears confused.
The wolf bites something!
You block the eight-headed hydra's attack.
The eight-headed hydra bites you.
* * * LOW HITPOINT WARNING * * *
The eight-headed hydra bites you!
* * * LOW HITPOINT WARNING * * *
The eight-headed hydra misses you. The eight-headed hydra bites you.
You die...

### ..# #.# #.#
## #.### ####.#
#h@# #...# .... #
#D####...# .#. #
#.#####h.##....#
..#.#
......§.P#.....#
#.... ...##
..##.§§........##
#...# .....
#........#...P#
#.... .....
#.......#.##.##
##.... .....
#..........#.##
#..... .....
h.?..###.......##
#...#.


You could see an eight-headed hydra (slow, corroded) and 2 wolves.

Vanquished Creatures
  Erica (D:10)
  Pikel (D:6)
  The ghost of TheAraber the Ducker, a novice FeVM (D:7)
  An elephant (Lair:2)
  2 spiny frogs (Lair:1)
  2 trolls
  A polar bear (Lair:1)
  Prince Ribbit (D:6)
  2 hippogriffs (D:10)
  5 blink frogs (Lair:2)
  A wyvern (D:8)
  15 yaks
  2 vampires
  2 basilisks (Lair:1)
  A water moccasin (Lair:1)
  3 porcupines
  4 ice beasts
  5 sky beasts
  2 orc warriors (D:6)
  An eye of draining (D:9)
  7 ogres
  3 necrophages
  8 centaurs
  4 crocodiles (Lair:1)
  Blork the orc (D:6)
  A big kobold (D:8)
  A wyvern zombie (D:6)
  5 bullfrogs
  An elf zombie (Ossuary)
  6 scorpions
  4 killer bees (D:7)
  4 howler monkeys
  An electric eel (Lair:1)
  4 crimson imps
  2 bullfrog zombies
  A bullfrog skeleton (D:8)
  2 centaur skeletons (D:4)
  4 hounds
  3 jellies
  4 orc priests
  2 orc wizards
  5 iguanas
  Terence (D:3)
  8 worker ants
  A big kobold zombie (Ossuary)
  2 hound zombies
  4 mummies (Ossuary)
  A hound skeleton (D:7)
  A worker ant zombie (D:10)
  13 adders
  14 gnolls
  2 oozes
  3 adder skeletons
  2 adder zombies
  3 worms
  3 dart slugs (D:1)
  6 leopard geckos
  27 orcs
  7 bats
  A giant cockroach (D:2)
  11 goblins
  4 hobgoblins
  12 jackals
  11 kobolds
  2 quokkas
  A ball python (D:1)
  2 frilled lizards
  A gnoll zombie (Ossuary)
  A jackal skeleton (D:3)
  A jackal zombie (Ossuary)
  3 kobold zombies (Ossuary)
  A leopard gecko skeleton (D:2)
  2 orc zombies (Ossuary)
  2 quokka skeletons
  A quokka zombie (D:6)
  4 rats
  A rat zombie (Ossuary)
285 creatures vanquished.

Vanquished Creatures (others)
  An orc (D:6)
  A fungus (Lair:2)
  A plant (Lair:2)
3 creatures vanquished.

Grand Total: 288 creatures vanquished

Notes
Turn   | Place    | Note
-------+----------+-------------------------------------------
     0 | D:1      | ANON1729 the Troll Fighter began the quest for the Orb.
     0 | D:1      | Reached XP level 1. HP: 22/22 MP: 0/0
   208 | D:1      | Reached XP level 2. HP: 27/29 MP: 1/1
   382 | D:1      | Reached XP level 3. HP: 35/36 MP: 2/2
   803 | D:2      | You fall into a shaft and drop 2 floors!
   832 | D:4      | Got an opalescent robe
   843 | D:4      | Identified the +1 robe of Grottiness {rC++ rCorr Dex+7}
                  | (You found it on level 4 of the Dungeon)
   856 | D:4      | Reached XP level 4. HP: 45/45 MP: 3/3
  1057 | D:4      | Reached XP level 5. HP: 46/53 MP: 4/4
  1258 | D:3      | Noticed an ice beast
  1280 | D:3      | Killed an ice beast
  1280 | D:3      | Reached XP level 6. HP: 32/61 MP: 5/5
  1386 | D:3      | Noticed Terence
  1400 | D:3      | Killed Terence
  1788 | D:3      | Found a runed translucent door.
  1789 | D:3      | Noticed Crazy Yiuf
  1899 | D:2      | You fall into a shaft and drop 2 floors!
  1983 | D:4      | Reached XP level 7. HP: 61/68 MP: 6/6
  2713 | D:5      | Entered Level 5 of the Dungeon
  3196 | D:5      | Reached XP level 8. HP: 65/79 MP: 7/7
  3475 | D:6      | Noticed Blork the orc
  3487 | D:6      | Killed Blork the orc
  3487 | D:6      | Reached skill level 5 in Maces & Flails
  3491 | D:6      | Reached skill level 5 in Fighting
  3491 | D:6      | Reached skill level 5 in Shields
  3530 | D:6      | Reached skill level 5 in Dodging
  3941 | D:6      | Reached XP level 9. HP: 85/88 MP: 8/8
  4204 | D:6      | Noticed Prince Ribbit
  4268 | D:6      | Found a staircase to the Ecumenical Temple.
  4416 | Temple   | Entered the Ecumenical Temple
  4770 | D:7      | Noticed Pikel
  4855 | D:6      | Killed Pikel
  4875 | D:6      | Killed Prince Ribbit
  4946 | D:7      | Found a runed translucent gate.
  4947 | D:7      | Found a runed translucent gate.
  4948 | D:7      | Found a runed translucent gate.
  5062 | D:7      | Identified the cursed +1 whip of Crusades {freeze, rC-
                  | Str+9 Int-4 Stlth+}
  5115 | D:7      | Found a burning altar of Makhleb.
  5115 | D:7      | Noticed a balrug
  5429 | D:7      | Noticed TheAraber's ghost (novice FeVM)
  5431 | D:7      | Found a roughly hewn altar of Beogh.
  5571 | D:7      | Killed TheAraber's ghost
  5936 | D:8      | Found a sand-covered staircase.
  5941 | Ossuary  | Entered an ossuary
  6205 | D:8      | Reached XP level 10. HP: 102/102 MP: 9/9
  6372 | D:8      | Found Rosmack's Gadget Emporium.
  6752 | D:8      | Found Fuqityd's Antique Weapon Shop.
  6952 | D:8      | Bought a runed giant club for 112 gold pieces
  7782 | D:10     | Entered Level 10 of the Dungeon
  7954 | D:10     | Noticed Erica
  8109 | D:10     | Killed Erica
  8182 | D:10     | Got a blackened long sword
  8210 | D:10     | Reached XP level 11. HP: 100/110 MP: 10/10
  8261 | D:10     | Found a staircase to the Orcish Mines.
  8281 | D:10     | Found a staircase to the Lair.
  8702 | D:10     | Identified the +5 long sword "Zeisuifa" {drain, rF- Str+8
                  | SInv} (You found it on level 10 of the Dungeon)
  9037 | Lair:1   | Entered Level 1 of the Lair of Beasts
  9585 | Lair:1   | Reached skill level 1 in Armour
 10225 | Lair:2   | Noticed an eight-headed hydra
 10247 | Lair:2   | HP: 2/171 [eight-headed hydra (12)]
 10247 | Lair:2   | Slain by an eight-headed hydra

Illustrated notes

Levels and vault maps discovered:
D:1:      minmay_arrival_open_corners, layout_basic, minmay_domino_2
D:2:      layout_loops_ring
D:3:      layout_rooms, uniq_crazy_yiuf_cottage, uniq_terence
D:4:      layout_basic
D:5:      layout_basic, first_ration
D:6:      layout_basic, minmay_temple_entry_glass, uniq_blork_the_orc,
          uniq_prince_ribbit1
D:7:      layout_basic, makhleb_altar_promises_db, biasface_ghost_orc_armoury,
          uniq_pikel
D:8:      layout_cave_pods, enter_ossuary_2, serial_shops, shop, shop
D:9:      layout_irregular_city
D:10:     layout_long_grid, lair_entry_dummy, orc_0_dummy, uniq_erica
Temple:   compressed_dpeg_circular_temple
Lair:1:   layout_regular_city, lemuel_fruit_fields, infiniplex_staircase_pool
Lair:2:   layout_layer_cave, grunt_megastairs_3, serial_bayou_shore_b

Skill      XL: |  1  2  3  4  5  6  7  8  9 10 11 |
---------------+----------------------------------+-----
Maces & Flails | 2 3 4 5 7 8 9 |  9.9
Fighting       | 3 4 5 7 8 9 |  9.2
Shields        | 3 4 5 6 7 |  7.4
Dodging        | 3 4 5 6 7 |  7.4
Armour         | 2 |  2.0

Action                   |  1- 3 |  4- 6 |  7- 9 | 10-12 || total
-------------------------+-------+-------+-------+-------++-------
Melee: Flail             |    97 |   197 |   284 |       ||   578
       Mace              |       |       |   121 |     8 ||   129
       Whip              |       |       |   111 |   762 ||   873
Evoke: Wand              |       |       |     6 |    14 ||    20
  Use: Scroll            |       |     1 |     9 |     2 ||    12
       Potion            |       |       |       |     1 ||     1
 Stab: Sleeping          |       |       |     4 |     6 ||    10
  Eat: Chunk             |     9 |    13 |    31 |    45 ||    98
       Ration            |     1 |       |       |       ||     1
Armor: Robe              |    33 |    62 |   147 |   158 ||   400
Dodge: Dodged            |    28 |    83 |   246 |   277 ||   634
Block: Kite shield       |    48 |   101 |   335 |   428 ||   912
